 Dungeon Crawl Stone Soup version 0.22-a0-803-gd6d8abeff0 (webtiles) character file.

94 Htamos the Ruffian (level 4, -2/24 HPs)
             Began as a Vine Stalker Berserker on July 22, 2018.
             Was a Believer of Trog.
             Succumbed to Crazy Yiuf's poison
             ... on level 2 of the Dungeon.
             The game lasted 00:04:26 (3293 turns).

Htamos the Ruffian (Vine Stalker Berserker)         Turns: 3293, Time: 00:04:26

Health: -2/24      AC:  2    Str: 19    XL:     4   Next: 63%
Magic:  0/5        EV: 13    Int:  7    God:    Trog [**....]
Gold:   64         SH:  0    Dex: 15    Spells: 3/3 levels left

rFire    . . .     SeeInvis .   l - +2 dagger (venom)
rCold    . . .     Gourm    .   (no shield)
rNeg     . . .     Faith    .   a - +0 animal skin
rPois    .         Spirit   +   (no helmet)
rElec    .         Reflect  .   (no cloak)
rCorr    .         Harm     .   (no gloves)
MR       .....                  (no boots)
Stlth    ++........             (no amulet)
HPRegen  0.48/turn              (no ring)
MPRegen  0.09/turn              (no ring)

@: lethally poisoned (-2 -> -10), berserk cooldown, slowed, very slow
A: fangs 2, regeneration 1, magic shield, antimagic bite, no potion heal 3, rot
immunity
a: Berserk, Trog's Hand, Renounce Religion


You were on level 2 of the Dungeon.
You worshipped Trog.
Trog was pleased with you.
You were very hungry.

You visited 1 branch of the dungeon, and saw 2 of its levels.

You collected 64 gold pieces.

Inventory:

Hand Weapons
 c - a +0 short sword of venom
 l - a +2 dagger of venom (weapon)
Armour
 a - a +0 animal skin (worn)
Jewellery
 h - an uncursed ring of protection from fire {unknown}
Scrolls
 d - 3 scrolls of identify {unknown}
 g - a scroll of teleportation {unknown}
 i - a scroll of enchant weapon {unknown}
Potions
 e - a potion of flight {unknown}
 f - a potion of agility {unknown}
 j - a potion of ambrosia {unknown}
Comestibles
 b - 5 rations


   Skills:
 + Level 3.2 Fighting
 + Level 2.3 Armour
 + Level 2.2 Dodging
 + Level 1.9 Stealth
 - Level 3.4 Unarmed Combat


You had 3 spell levels left.
You didn't know any spells.
Your spell library was empty.

Dungeon Overview and Level Annotations

Branches:
Dungeon (2/15)

Altars:
Yredelemnul

Annotations:
D:2 Crazy Yiuf


Innate Abilities, Weirdness & Mutations

You have extremely sharp teeth.
Your natural rate of healing is unusually fast.
When hurt, damage is shared between your health and your magic reserves.
Your bite disrupts and absorbs the magic of your enemies.
Potions cannot restore your health.
You are immune to rotting.


Message History

You feel sick. Crazy Yiuf closely misses you.
There is an open door here.
You feel sick. Crazy Yiuf barely misses you.
You feel sick.
You feel sick. Crazy Yiuf barely misses you.
Crazy Yiuf cries, "You leg down broken song, no?"
There is an open door here.
You feel sick.
Crazy Yiuf yells, "Orb!
Paint forty-two koolooloo."
Crazy Yiuf hits you with a quarterstaff of chaos.
* * * LOW HITPOINT WARNING * * *
You feel sick.
Crazy Yiuf waves his quarterstaff at you.
Crazy Yiuf hits you with a quarterstaff of chaos!
* * * LOW MAGIC WARNING * * *;
* * * LOW HITPOINT WARNING * * *
You are lethally poisoned!
* * * LOW HITPOINT WARNING * * *
You feel sick.
You die...

##.###<..##.#.##.###
##.##.....##.......#
...###...#######.#.######
.).......#######........#
#######..........#.####.#
#.########.#.# #.# ##'##
#.#.## #.# ##...## #.#..#
#.# ##.....## #@##.# #.#
##.......## #..#.###.#
###.........####g.......#
..'.........'.......#####
###.........####....#
##..>....## #...#.#
##.....#####...#.#
##...## #.......#
###'#####.......#


You could see Crazy Yiuf.

Vanquished Creatures
  3 gnolls (D:2)
  2 adders (D:2)
  A worm (D:2)
  2 dart slugs
  A leopard gecko (D:1)
  2 bats (D:2)
  2 giant cockroaches (D:2)
  2 gnoll zombies (D:2)
  5 goblins
  2 hobgoblins
  3 jackals (D:1)
  6 kobolds
  A ball python (D:2)
  9 rats
41 creatures vanquished.

Notes
Turn   | Place    | Note
-------+----------+-------------------------------------------
     0 | D:1      | Htamos the Vine Stalker Berserker began the quest for the Orb.
     0 | D:1      | Reached XP level 1. HP: 11/11 MP: 2/2
   253 | D:1      | Reached XP level 2. HP: 5/16 MP: 3/3
  1232 | D:2      | Reached XP level 3. HP: 17/19 MP: 4/4
  1880 | D:2      | Reached skill level 1 in Stealth
  2407 | D:2      | Gained mutation: Your natural rate of healing is unusually fast. [Vine Stalker growth]
  2407 | D:2      | Reached XP level 4. HP: 15/24 MP: 2/5
  2516 | D:2      | Found a basalt altar of Yredelemnul.
  2838 | D:2      | Reached ** piety under Trog
  2937 | D:2      | Found a runed door.
  3201 | D:2      | Noticed Crazy Yiuf
  3292 | D:2      | HP: 1/24 [poisoned by Crazy Yiuf]
  3293 | D:2      | Succumbed to Crazy Yiuf's poison

Vault maps used:
D:1:      shiori_shiawase
D:2:      lemuel_zombie_altar_yredelemnul, first_ration, uniq_crazy_yiuf_cottage

Skill      XL: |  1  2  3 |
---------------+----------+-----
Armour         | 2 |  2.3
Fighting       | 3 |  3.2
Dodging        | 2 |  2.2
Stealth        | 1 |  1.9
Unarmed Combat | |  3.4

Action                   |  1- 3 |  4- 6 || total
-------------------------+-------+-------++-------
Melee: Unarmed           |    80 |       ||    80
       Punch             |     4 |       ||     4
       Bite              |    27 |    15 ||    42
       Short sword       |    12 |    14 ||    26
       Dagger            |       |    20 ||    20
Invok: Berserk           |       |     1 ||     1
 Stab: Sleeping          |     1 |     2 ||     3
  Eat: Chunk             |     3 |     4 ||     7
Armor: Animal skin       |     7 |     6 ||    13
Dodge: Dodged            |    48 |    24 ||    72

Table legend:
 A = Spawn XP
 B = Non-spawn XP
 C = Spawn XP percentage of total XP
 D = Spawn monster count
 E = Non-spawn monster count
 F = Spawn count percentage of total count
 G = Total turns spent on level
                    A         B        C        D         E        F      G
               +---------+---------+-------+---------+---------+-------+---------
         Total |       0 |     135 |   0.0 |       0 |      41 |   0.0 |  3293
               +---------+---------+-------+---------+---------+-------+---------
           D:1 |       0 |      28 |   0.0 |       0 |      15 |   0.0 |  1636
           D:2 |       0 |     107 |   0.0 |       0 |      26 |   0.0 |  1657
               +---------+---------+-------+---------+---------+-------+---------
